| TOP OF THE 1ST |
|
Detroit Red Wings batting - Pitching for Windy City ThunderBolts : RHP Chang-wei Quian
|
|
Pitching: RHP Chang-wei Quian
|
|
|
Batting: RHB António Scarlett
|
0-0: Swinging Strike 0-1: Foul Ball, location: 2F 0-2: Ball 1-2: Strikes out swinging
|
|
Batting: LHB Duda Pinho
|
0-0: Ball 1-0: Ball 2-0: SOLO HOME RUN (Line Drive, 89XD, EV 105.6 MPH), Distance : 420 ft
|
|
Batting: RHB Jorge Lebron
|
0-0: Ball 1-0: Ball 2-0: Ball 3-0: Base on Balls
|
|
Batting: LHB Ryan Adams
|
0-0: Ball 1-0: Ball 2-0: Ball 3-0: Base on Balls Jorge Lebron to second
|
|
Batting: LHB Simon Barry
|
0-0: Foul Ball, location: 2F 0-1: Ball 1-1: SINGLE (Line Drive, 6MD, EV 98.8 MPH) Jorge Lebron to third Ryan Adams to second Runner from 3rd tries for Home, SAFE, throw by CF to home
|
|
Batting: RHB Alex Duarte
|
0-0: Foul Ball, location: 2F 0-1: Foul Ball, location: 2F 0-2: Ball 1-2: Fielders Choice at 2nd, 5-4 (Groundball, 56S, EV 91.2 MPH) Ryan Adams to third
|
|
Batting: LHB Jose Peralez
|
0-0: Ball 1-0: Ball 2-0: Ball 3-0: Called Strike 3-1: Foul Ball, location: 2F 3-2: Ground out 5-3 (Groundball, 56, EV 84.4 MPH)
|
| Top of the 1st over - 2 runs, 2 hits, 0 errors, 2 left on base; Detroit 2 - Windy City 0 |
| BOTTOM OF THE 1ST |
|
Windy City ThunderBolts batting - Pitching for Detroit Red Wings : LHP Estêvão Cavadas
|
|
Pitching: LHP Estêvão Cavadas
|
|
|
Batting: RHB Dave Dominguez
|
0-0: Ball 1-0: Swinging Strike 1-1: Foul Ball, location: 2F 1-2: Strikes out swinging
|
|
Batting: RHB Joe Thomas
|
0-0: Called Strike 0-1: Called Strike 0-2: Strikes out swinging
|
|
Batting: RHB Camillo Bonauiti
|
0-0: Ball 1-0: Foul Ball, location: 2F 1-1: Foul Ball, location: 2F 1-2: Strikes out swinging
|
| Bottom of the 1st over - 0 runs, 0 hits, 0 errors, 0 left on base; Detroit 2 - Windy City 0 |
| TOP OF THE 2ND |
|
Detroit Red Wings batting - Pitching for Windy City ThunderBolts : RHP Chang-wei Quian
|
|
Batting: RHB Cody Kafer
|
0-0: Ball 1-0: Called Strike 1-1: Foul Ball, location: 2F 1-2: Foul Ball, location: 2F 1-2: Strikes out looking
|
|
Batting: SHB Franklin Garza
|
0-0: Called Strike 0-1: Called Strike 0-2: Strikes out swinging
|
|
Batting: RHB António Scarlett
|
0-0: Reached on error, E6 (Groundball, 6, EV 93.8 MPH)
|
|
Batting: LHB Duda Pinho
|
0-0: Called Strike 0-1: SINGLE (Line Drive, 6MD, EV 96.2 MPH) António Scarlett to second Runner from 2nd tries for 3rd, OUT! 8-5
|
| Top of the 2nd over - 0 runs, 1 hit, 1 error, 1 left on base; Detroit 2 - Windy City 0 |
| BOTTOM OF THE 2ND |
|
Windy City ThunderBolts batting - Pitching for Detroit Red Wings : LHP Estêvão Cavadas
|
|
Batting: SHB Danny Gallegos
|
0-0: SINGLE (Line Drive, 78S, EV 98.8 MPH)
|
|
Batting: RHB Kaoru Hamada
|
0-0: Ball 1-0: Fly out, F8 (Flyball, 8RD, EV 101.2 MPH)
|
|
Batting: RHB Ricky Avila
|
0-0: Ball 1-0: Swinging Strike 1-1: Foul Ball, location: 2F 1-2: Fly out, F7 (Flyball, 7, EV 88.8 MPH)
|
|
Batting: RHB Paul Holland
|
0-0: Called Strike 0-1: Ball Danny Gallegos is caught stealing 2nd base 2-4
|
| Bottom of the 2nd over - 0 runs, 1 hit, 0 errors, 0 left on base; Detroit 2 - Windy City 0 |
| TOP OF THE 3RD |
|
Detroit Red Wings batting - Pitching for Windy City ThunderBolts : RHP Chang-wei Quian
|
|
Batting: RHB Jorge Lebron
|
0-0: Ball 1-0: Swinging Strike 1-1: Swinging Strike 1-2: Fly out, F8 (Flyball, 8RD, EV 100.0 MPH)
|
|
Batting: LHB Ryan Adams
|
0-0: Foul Ball, location: 2F 0-1: Ball 1-1: Swinging Strike 1-2: Ball 2-2: Ball 3-2: SINGLE (Groundball, 4, EV 108.8 MPH)
|
|
Batting: LHB Simon Barry
|
0-0: SINGLE (Flyball, 34D, EV 82.5 MPH) Ryan Adams to second
|
|
Batting: RHB Alex Duarte
|
0-0: Fly out, F8 (Flyball, 89D, EV 96.2 MPH)
|
|
Batting: LHB Jose Peralez
|
0-0: Swinging Strike 0-1: Ball 1-1: Ground out 4-3 (Groundball, 4, EV 77.5 MPH)
|
| Top of the 3rd over - 0 runs, 2 hits, 0 errors, 2 left on base; Detroit 2 - Windy City 0 |
| BOTTOM OF THE 3RD |
|
Windy City ThunderBolts batting - Pitching for Detroit Red Wings : LHP Estêvão Cavadas
|
|
Batting: RHB Paul Holland
|
0-0: Ball 1-0: Ball 2-0: Ball 3-0: Called Strike 3-1: Swinging Strike 3-2: Strikes out looking
|
|
Batting: RHB Sim Damit
|
0-0: Ground out 3-1 (Groundball, 34, EV 90.0 MPH)
|
|
Batting: RHB Miguel Pacheco
|
0-0: Ball 1-0: Swinging Strike 1-1: Foul Ball, location: 2F 1-2: Strikes out swinging
|
| Bottom of the 3rd over - 0 runs, 0 hits, 0 errors, 0 left on base; Detroit 2 - Windy City 0 |
| TOP OF THE 4TH |
|
Detroit Red Wings batting - Pitching for Windy City ThunderBolts : RHP Chang-wei Quian
|
|
Batting: RHB Cody Kafer
|
0-0: Ball 1-0: Called Strike 1-1: Foul Ball, location: 2F 1-2: Foul Ball, location: 2F 1-2: Strikes out swinging
|
|
Batting: SHB Franklin Garza
|
0-0: Foul Ball, location: 2F 0-1: Ball 1-1: Foul Ball, location: 2F 1-2: Foul Ball, location: 2F 1-2: Foul Ball, location: 2F 1-2: Fly out, F8 (Flyball, 8RD, EV 89.4 MPH)
|
|
Batting: RHB António Scarlett
|
0-0: Swinging Strike 0-1: Swinging Strike 0-2: Strikes out looking
|
| Top of the 4th over - 0 runs, 0 hits, 0 errors, 0 left on base; Detroit 2 - Windy City 0 |
| BOTTOM OF THE 4TH |
|
Windy City ThunderBolts batting - Pitching for Detroit Red Wings : LHP Estêvão Cavadas
|
|
Batting: RHB Dave Dominguez
|
0-0: Called Strike 0-1: Ground out U3 (Groundball, 34S, EV 61.9 MPH)
|
|
Batting: RHB Joe Thomas
|
0-0: Swinging Strike 0-1: Foul Ball, location: 2F 0-2: Ball 1-2: Ball 2-2: Foul Ball, location: 2F 2-2: Strikes out looking
|
|
Batting: RHB Camillo Bonauiti
|
0-0: Called Strike 0-1: Ball 1-1: Ground out 5-3 (Groundball, 56S, EV 69.4 MPH)
|
| Bottom of the 4th over - 0 runs, 0 hits, 0 errors, 0 left on base; Detroit 2 - Windy City 0 |
| TOP OF THE 5TH |
|
Detroit Red Wings batting - Pitching for Windy City ThunderBolts : RHP Chang-wei Quian
|
|
Batting: LHB Duda Pinho
|
0-0: Ball 1-0: Foul Ball, location: 2F 1-1: Called Strike 1-2: Ground out 3-1 (Groundball, 34, EV 90.0 MPH)
|
|
Batting: RHB Jorge Lebron
|
0-0: Ball 1-0: Foul Ball, location: 2F 1-1: Fly out, F1 (Popup, 15, EV 81.2 MPH)
|
|
Batting: LHB Ryan Adams
|
0-0: Ball 1-0: Ground out U3 (Groundball, 13, EV 88.8 MPH)
|
| Top of the 5th over - 0 runs, 0 hits, 0 errors, 0 left on base; Detroit 2 - Windy City 0 |
| BOTTOM OF THE 5TH |
|
Windy City ThunderBolts batting - Pitching for Detroit Red Wings : LHP Estêvão Cavadas
|
|
Batting: SHB Danny Gallegos
|
0-0: Swinging Strike 0-1: Called Strike 0-2: Foul Ball, location: 2F 0-2: Ball 1-2: Fly out, F2 (Popup, 23F, EV 87.5 MPH)
|
|
Batting: RHB Kaoru Hamada
|
0-0: Ball 1-0: SINGLE (Groundball, 6S, EV 97.5 MPH)
|
|
Batting: RHB Ricky Avila
|
0-0: Ball 1-0: Foul Ball, location: 2F 1-1: Foul Ball, location: 2F 1-2: Reached on error, E5 (Groundball, 56, EV 102.5 MPH) Kaoru Hamada to second
|
|
Batting: RHB Paul Holland
|
0-0: Called Strike 0-1: Called Strike 0-2: Strikes out swinging
|
|
Batting: RHB Sim Damit
|
0-0: Foul Ball, location: 2F 0-1: Fly out, F8 (Line Drive, 8LM, EV 88.1 MPH)
|
| Bottom of the 5th over - 0 runs, 1 hit, 1 error, 2 left on base; Detroit 2 - Windy City 0 |
| TOP OF THE 6TH |
|
Detroit Red Wings batting - Pitching for Windy City ThunderBolts : RHP Chang-wei Quian
|
|
Batting: LHB Simon Barry
|
0-0: Called Strike 0-1: Foul Ball, location: 2F 0-2: Fly out, F6 (Popup, 6M, EV 76.2 MPH)
|
|
Batting: RHB Alex Duarte
|
0-0: Ball 1-0: Ball 2-0: Ball 3-0: Called Strike 3-1: Fly out, F4 (Popup, 3S, EV 83.1 MPH)
|
|
Batting: LHB Jose Peralez
|
0-0: Called Strike 0-1: Ball 1-1: Ground out U3 (Groundball, 3, EV 86.9 MPH)
|
| Top of the 6th over - 0 runs, 0 hits, 0 errors, 0 left on base; Detroit 2 - Windy City 0 |
| BOTTOM OF THE 6TH |
|
Windy City ThunderBolts batting - Pitching for Detroit Red Wings : LHP Estêvão Cavadas
|
|
Batting: RHB Miguel Pacheco
|
0-0: Foul Ball, location: 2F 0-1: Ball 1-1: Swinging Strike 1-2: Strikes out swinging
|
|
Batting: RHB Dave Dominguez
|
0-0: Called Strike 0-1: Foul Ball, location: 2F 0-2: Ball 1-2: Ball 2-2: Strikes out swinging
|
|
Batting: RHB Joe Thomas
|
0-0: Ball 1-0: Ball 2-0: Foul Ball, location: 2F 2-1: Fly out, F4 (Line Drive, 4D, EV 70.0 MPH)
|
| Bottom of the 6th over - 0 runs, 0 hits, 0 errors, 0 left on base; Detroit 2 - Windy City 0 |
| TOP OF THE 7TH |
|
Detroit Red Wings batting - Pitching for Windy City ThunderBolts : RHP Chang-wei Quian
|
|
Batting: RHB Cody Kafer
|
0-0: Foul Ball, location: 2F 0-1: Swinging Strike 0-2: Ground out U3 (Groundball, 34S, EV 92.5 MPH)
|
|
Batting: SHB Franklin Garza
|
0-0: Ball 1-0: Swinging Strike 1-1: Swinging Strike 1-2: Foul Ball, location: 2F 1-2: Strikes out swinging
|
|
Batting: RHB António Scarlett
|
0-0: Called Strike 0-1: Swinging Strike 0-2: Foul Ball, location: 2F 0-2: Foul Ball, location: 2F 0-2: Ground out 4-3 (Groundball, 4M, EV 101.9 MPH)
|
| Top of the 7th over - 0 runs, 0 hits, 0 errors, 0 left on base; Detroit 2 - Windy City 0 |
| BOTTOM OF THE 7TH |
|
Windy City ThunderBolts batting - Pitching for Detroit Red Wings : LHP Estêvão Cavadas
|
|
Batting: RHB Camillo Bonauiti
|
0-0: Ball 1-0: Called Strike 1-1: Fly out, F7 (Flyball, 78M, EV 90.6 MPH)
|
|
Batting: SHB Danny Gallegos
|
0-0: Called Strike 0-1: Foul Ball, location: 2F 0-2: Strikes out swinging
|
|
Batting: RHB Kaoru Hamada
|
0-0: Swinging Strike 0-1: Ball 1-1: Foul Ball, location: 2F 1-2: Strikes out swinging
|
| Bottom of the 7th over - 0 runs, 0 hits, 0 errors, 0 left on base; Detroit 2 - Windy City 0 |
| TOP OF THE 8TH |
|
Detroit Red Wings batting - Pitching for Windy City ThunderBolts : RHP Chang-wei Quian
|
|
Batting: LHB Duda Pinho
|
0-0: SINGLE (Groundball, 56, EV 95.6 MPH)
|
|
Batting: RHB Jorge Lebron
|
0-0: Ball Duda Pinho steals 2nd base 1-0: Ball 2-0: Ball 3-0: Called Strike 3-1: Swinging Strike 3-2: DOUBLE (Groundball, 5L, EV 97.5 MPH) Duda Pinho scores
|
|
Pitching: LHP Keith O'Brien
|
|
|
Batting: LHB Ryan Adams
|
0-0: Ball 1-0: Ball 2-0: Ball 3-0: Base on Balls
|
|
Batting: LHB Simon Barry
|
0-0: Called Strike 0-1: Ball 1-1: Ball 2-1: Ball 3-1: Called Strike 3-2: SINGLE (Groundball, 6D, EV 103.8 MPH) Jorge Lebron to third Ryan Adams to second Runner from 3rd tries for Home, SAFE, throw by CF to home
|
|
Batting: RHB Alex Duarte
|
0-0: Ball 1-0: Ball 2-0: Swinging Strike 2-1: Ball 3-1: Base on Balls Ryan Adams to third Simon Barry to second
|
|
Batting: LHB Jose Peralez
|
0-0: Ball 1-0: Ball 2-0: Ball 3-0: Swinging Strike 3-1: Foul Ball, location: 2F 3-2: Fly out, F8 (Flyball, 8RD, EV 105.6 MPH) Runner from 3rd tags up, SCORES, throw by CF
|
|
Batting: RHB Cody Kafer
|
0-0: Foul Ball, location: 2F 0-1: Fielders Choice at 2nd, 1-4 (Groundball, 15, EV 69.4 MPH) Simon Barry to third
|
|
Batting: SHB Franklin Garza
|
0-0: Foul Ball, location: 2F 0-1: Called Strike 0-2: Ball 1-2: Strikes out swinging
|
| Top of the 8th over - 3 runs, 3 hits, 0 errors, 2 left on base; Detroit 5 - Windy City 0 |
| BOTTOM OF THE 8TH |
|
Windy City ThunderBolts batting - Pitching for Detroit Red Wings : LHP Estêvão Cavadas
|
|
Pinch Hitting: RHB Eddie Dimas
|
0-0: Called Strike 0-1: Swinging Strike 0-2: Ground out 6-3 (Groundball, 6, EV 102.5 MPH)
|
|
Batting: RHB Paul Holland
|
0-0: Called Strike 0-1: Foul Ball, location: 2F 0-2: Foul Ball, location: 2F 0-2: Strikes out swinging
|
|
Pinch Hitting: RHB Donovan Deason
|
0-0: Ball 1-0: Foul Ball, location: 2F 1-1: Foul Ball, location: 2F 1-2: Strikes out swinging
|
| Bottom of the 8th over - 0 runs, 0 hits, 0 errors, 0 left on base; Detroit 5 - Windy City 0 |
| TOP OF THE 9TH |
|
Detroit Red Wings batting - Pitching for Windy City ThunderBolts : LHP Keith O'Brien
|
|
Now at 1B: Donovan Deason
|
|
|
Now at 2B: Miguel Pacheco
|
|
|
Now in LF: Eddie Dimas
|
|
|
Batting: RHB António Scarlett
|
0-0: Called Strike 0-1: Called Strike 0-2: Foul Ball, location: 2F 0-2: Ball 1-2: Strikes out swinging
|
|
Batting: LHB Duda Pinho
|
0-0: Ground out U3 (Groundball, 3L, EV 87.5 MPH)
|
|
Batting: RHB Jorge Lebron
|
0-0: Ball 1-0: Called Strike 1-1: Ball 2-1: Ball 3-1: Base on Balls
|
|
Pitching: LHP Craig Courcha
|
|
|
Batting: LHB Ryan Adams
|
0-0: Ball 1-0: SINGLE (Groundball, 5S, EV 67.5 MPH) (infield hit) Jorge Lebron to second
|
|
Pinch Hitting: RHB John Barton
|
0-0: Ball 1-0: Fly out, F8 (Flyball, 8RD, EV 100.6 MPH)
|
| Top of the 9th over - 0 runs, 1 hit, 0 errors, 2 left on base; Detroit 5 - Windy City 0 |
| BOTTOM OF THE 9TH |
|
Windy City ThunderBolts batting - Pitching for Detroit Red Wings : LHP Estêvão Cavadas
|
|
Now at 3B: Roderick Speed
|
|
|
Pinch Hitting: RHB Nhat Phong
|
0-0: Ball 1-0: Ball 2-0: Foul Ball, location: 2F 2-1: SINGLE (Line Drive, 8LS, EV 93.1 MPH)
|
|
Batting: RHB Dave Dominguez
|
0-0: Foul Ball, location: 2F 0-1: Called Strike 0-2: Foul Ball, location: 2F 0-2: Foul Ball, location: 2F 0-2: Ball 1-2: Strikes out looking
|
|
Pitching: RHP Edwin Soto
|
|
|
Batting: RHB Joe Thomas
|
0-0: Grounds into double play, 6-4-3 (Groundball, 6, EV 78.1 MPH)
|
| Bottom of the 9th over - 0 runs, 1 hit, 0 errors, 0 left on base; Detroit 5 - Windy City 0 |
|